Map: Prion Terraces

Players

TossNSalads

  • Race: Protoss Protoss
  • League: Platinum

Chris (MCanning) - Winner!

  • Race: Protoss Protoss
  • League: Platinum

VOD

Have the link to the VOD?

Description

Time

  • Played on: Nov. 11, 2015, 12:40 a.m.
  • Length: 7:11
Show
View Real Time Build Order
Export as new Build Order

TossNSalads Protoss 

Build Orders:  

Get SALT Encoding   

  12  0:01  Probe (Chrono Boost)  
  13  0:11  Probe (Chrono Boost)  
  14  0:18  Pylon  
  14  0:22  Probe (Chrono Boost)  
  15  0:36  Probe (Chrono Boost)  
  15  0:37  Gateway  
  16  0:47  Probe (Chrono Boost)  
  17  0:52  Assimilator  
  17  0:57  Probe (Chrono Boost)  
  17  0:58  Pylon  
  18  1:08  Probe (Chrono Boost)  
  19  1:19  Probe (Chrono Boost)  
  19  1:20  Assimilator  
  19  1:24  Cybernetics Core  
  20  1:29  Probe (Chrono Boost)  
  22  1:40  Probe (Chrono Boost)  
  22  2:01  Warp Gate (Chrono Boost)  
  22  2:10  Probe (Chrono Boost)  
  22  2:14  Pylon  
  23  2:17  Gateway x2  
  23  2:18  Gateway  
  23  2:22  Adept  
  25  2:38  Probe  
  26  2:50  Probe  
  26  2:59  Gateway  
  26  3:02  Probe  
  26  3:05  Pylon  
  27  3:24  Gateway  
  27  3:26  Probe  
  28  3:38  Probe  
  28  3:39  Pylon  
  29  3:51  Adept x4  
  37  3:56  Mothership Core  
  39  4:10  Pylon  
  39  4:12  Adept  
  39  4:18  Stalker x3  
  40  4:28  Probe  
  39  4:35  Adept  
  39  4:36  Adept  
  43  4:40  Probe  
  44  4:53  Probe  
  45  5:04  Adept x3  
  49  5:10  Probe  
  38  5:22  Probe  
  38  5:27  Adept x2  
  38  5:28  Sentry  
  33  5:41  Robotics Facility  
  31  6:08  Nexus  
  31  6:15  Sentry x2  
  35  6:29  Observer  
  34  6:36  Stalker x2  
  29  6:48  Stalker x2  
Show
View Real Time Build Order
Export as new Build Order

Chris Protoss - Winner!

Build Orders: 1 Gate Expand, Blink Stalkers 

Get SALT Encoding   

  12  0:01  Probe (Chrono Boost)  
  13  0:12  Probe (Chrono Boost)  
  14  0:18  Pylon  
  14  0:22  Probe (Chrono Boost)  
  15  0:36  Probe (Chrono Boost)  
  15  0:42  Gateway  
  16  0:47  Probe (Chrono Boost)  
  17  0:57  Probe (Chrono Boost)  
  17  0:58  Assimilator  
  18  1:08  Probe (Chrono Boost)  
  19  1:22  Nexus  
  19  1:32  Cybernetics Core  
  19  1:36  Assimilator  
  19  1:37  Probe (Chrono Boost)  
  20  1:48  Pylon  
  20  1:49  Probe (Chrono Boost)  
  21  2:00  Probe (Chrono Boost)  
  22  2:06  Pylon  
  22  2:11  Mothership Core (Chrono Boost)  
  22  2:14  Adept  
  22  2:15  Warp Gate (Chrono Boost)  
  26  2:29  Probe (Chrono Boost)  
  27  2:34  Pylon  
  27  2:36  Probe (Chrono Boost)  
  28  2:39  Probe (Chrono Boost)  
  29  2:51  Twilight Council, Probe  
  29  2:52  Probe  
  31  3:01  Adept  
  34  3:16  Gateway  
  34  3:18  Gateway  
  32  3:20  Blink (Chrono Boost)  
  32  3:28  Pylon  
  32  3:44  Probe  
  32  3:47  Robotics Facility  
  32  3:48  Probe  
  34  3:56  Probe (Chrono Boost)  
  36  4:11  Probe (Chrono Boost)  
  36  4:26  Probe x2 (Chrono Boost)  
  36  4:29  Pylon  
  36  4:34  Observer (Chrono Boost)  
  36  4:36  Stalker x3  
  36  4:37  Probe x2  
  45  4:49  Probe  
  43  5:00  Immortal (Chrono Boost)  
  43  5:02  Stalker x2  
  45  5:25  Stalker x2  
  42  5:29  Probe (Chrono Boost)  
  42  5:32  Probe (Chrono Boost)  
  42  5:40  Probe (Chrono Boost)  
  43  5:45  Probe (Chrono Boost)  
  44  5:51  Probe (Chrono Boost)  
  47  5:57  Mothership Core (Chrono Boost)  
  47  6:00  Zealot x3  
  47  6:01  Probe (Chrono Boost)  
  54  6:12  Probe (Chrono Boost)  
  54  6:16  Probe (Chrono Boost)  
  54  6:18  Pylon  
  56  6:23  Probe (Chrono Boost)  
  57  6:27  Probe (Chrono Boost)  
  56  6:34  Probe (Chrono Boost)  
  57  6:45  Probe (Chrono Boost)  
  54  6:51  Probe (Chrono Boost)  
  55  6:56  Stalker  
  55  6:57  Stalker x2  
Tags
 
Add a new tag
Caveats
  • Supply blocks, unpowered buildings, or Contaminate may cause inaccurate times.
  • Supply counts are checked every 10 seconds.